| TOP OF THE 1ST |
|
California Angels batting - Pitching for Milwaukee Brewers : RHP Luis Lopez
|
|
Pitching: RHP Luis Lopez
|
|
|
Batting: RHB Jeff Atherton
|
0-0: Ball 1-0: Ground out 6-3 (Groundball, 6, EV 103.8 MPH)
|
|
Batting: RHB Frank White
|
0-0: Called Strike 0-1: Foul Ball, location: 2F 0-2: Strikes out swinging
|
|
Batting: SHB Jon Hernandez
|
0-0: Foul Ball, location: 2F 0-1: Swinging Strike 0-2: Ball 1-2: Strikes out swinging
|
| Top of the 1st over - 0 runs, 0 hits, 0 errors, 0 left on base; California 0 - Milwaukee 0 |
| BOTTOM OF THE 1ST |
|
Milwaukee Brewers batting - Pitching for California Angels : LHP Ray Fontenot
|
|
Pitching: LHP Ray Fontenot
|
|
|
Batting: SHB Alfredo Griffin
|
0-0: Swinging Strike 0-1: Ball 1-1: Swinging Strike 1-2: Ground out U3 (Groundball, 34, EV 81.9 MPH)
|
|
Batting: SHB Eddie Murray
|
0-0: Foul Ball, location: 2F 0-1: Ground out 6-3 (Groundball, 6, EV 81.3 MPH)
|
|
Batting: RHB Eric Davis
|
0-0: Foul Ball, location: 2F 0-1: Foul Ball, location: 2F 0-2: Ball 1-2: Strikes out swinging
|
| Bottom of the 1st over - 0 runs, 0 hits, 0 errors, 0 left on base; California 0 - Milwaukee 0 |
| TOP OF THE 2ND |
|
California Angels batting - Pitching for Milwaukee Brewers : RHP Luis Lopez
|
|
Batting: LHB Jason D Thompson
|
0-0: Called Strike 0-1: SINGLE (Groundball, 5S, EV 76.3 MPH) (infield hit)
|
|
Batting: RHB Charlie Moore
|
0-0: Ball 1-0: Called Strike 1-1: Fly out, F3 (Popup, 3SF, EV 80.6 MPH)
|
|
Batting: SHB Ignacio Medina
|
0-0: Called Strike 0-1: Ball 1-1: Ball 2-1: Foul Ball, location: 2F 2-2: Fielders Choice at 2nd, 4-6 (Groundball, 4, EV 97.5 MPH)
|
|
Batting: LHB Brian Rosinski
|
0-0: Called Strike Ignacio Medina is caught stealing 2nd base 2-6
|
| Top of the 2nd over - 0 runs, 1 hit, 0 errors, 0 left on base; California 0 - Milwaukee 0 |
| BOTTOM OF THE 2ND |
|
Milwaukee Brewers batting - Pitching for California Angels : LHP Ray Fontenot
|
|
Batting: RHB Mike Schmidt
|
0-0: Ball 1-0: Ball 2-0: Ball 3-0: Called Strike 3-1: Swinging Strike 3-2: Base on Balls
|
|
Batting: RHB Ken Landreaux
|
0-0: Called Strike 0-1: Ball 1-1: Ball 2-1: Ball 3-1: Fly out, F4 (Popup, 4M, EV 58.1 MPH)
|
|
Batting: RHB Glenn Davis
|
0-0: Called Strike 0-1: Grounds into double play, 5-4-3 (Groundball, 56, EV 106.3 MPH)
|
| Bottom of the 2nd over - 0 runs, 0 hits, 0 errors, 0 left on base; California 0 - Milwaukee 0 |
| TOP OF THE 3RD |
|
California Angels batting - Pitching for Milwaukee Brewers : RHP Luis Lopez
|
|
Batting: LHB Brian Rosinski
|
0-0: Called Strike 0-1: SINGLE (Line Drive, 6D, EV 101.9 MPH)
|
|
Batting: RHB Carlos Pimentel
|
0-0: Ball 1-0: Ball 2-0: Called Strike 2-1: Ball 3-1: Called Strike 3-2: Ground out 6-3 (Groundball, 6S, EV 63.1 MPH) Brian Rosinski to second
|
|
Batting: SHB Manny Castillo
|
0-0: Called Strike 0-1: Ball 1-1: Called Strike 1-2: Fly out, F9 (Flyball, 9LM, EV 94.4 MPH)
|
|
Batting: RHB Jeff Atherton
|
0-0: Ball 1-0: Ball 2-0: Ground out 5-3 (Groundball, 56S, EV 87.5 MPH)
|
| Top of the 3rd over - 0 runs, 1 hit, 0 errors, 1 left on base; California 0 - Milwaukee 0 |
| BOTTOM OF THE 3RD |
|
Milwaukee Brewers batting - Pitching for California Angels : LHP Ray Fontenot
|
|
Batting: LHB Von Hayes
|
0-0: Called Strike 0-1: Fly out, F5 (Popup, 56S, EV 82.5 MPH)
|
|
Batting: RHB Dave Huppert
|
0-0: Called Strike 0-1: Foul Ball, location: 2F 0-2: Ball 1-2: Ball 2-2: Ball 3-2: Foul Ball, location: 2F 3-2: Fly out, F3 (Popup, 3, EV 65.0 MPH)
|
|
Batting: RHB Steve Sax
|
0-0: Called Strike 0-1: Ground out 4-3 (Groundball, 4MD, EV 103.1 MPH)
|
| Bottom of the 3rd over - 0 runs, 0 hits, 0 errors, 0 left on base; California 0 - Milwaukee 0 |
| TOP OF THE 4TH |
|
California Angels batting - Pitching for Milwaukee Brewers : RHP Luis Lopez
|
|
Batting: RHB Frank White
|
0-0: Ball 1-0: Swinging Strike 1-1: Called Strike 1-2: Strikes out swinging
|
|
Batting: SHB Jon Hernandez
|
0-0: Ball 1-0: Foul Ball, location: 2F 1-1: Swinging Strike 1-2: Foul Ball, location: 2F 1-2: Ball 2-2: Strikes out looking
|
|
Batting: LHB Jason D Thompson
|
0-0: Foul Ball, location: 2F 0-1: Foul Ball, location: 2F 0-2: Ball 1-2: Strikes out swinging
|
| Top of the 4th over - 0 runs, 0 hits, 0 errors, 0 left on base; California 0 - Milwaukee 0 |
| BOTTOM OF THE 4TH |
|
Milwaukee Brewers batting - Pitching for California Angels : LHP Ray Fontenot
|
|
Batting: SHB Alfredo Griffin
|
0-0: Called Strike 0-1: Foul Ball, location: 2F 0-2: Ball 1-2: Ball 2-2: Fly out, F8 (Line Drive, 8RM, EV 97.5 MPH)
|
|
Batting: SHB Eddie Murray
|
0-0: Fly out, F8 (Flyball, 8RM, EV 80.6 MPH)
|
|
Batting: RHB Eric Davis
|
0-0: Swinging Strike 0-1: Called Strike 0-2: Ball 1-2: Ball 2-2: Foul Ball, location: 2F 2-2: SINGLE (Line Drive, 56D, EV 103.8 MPH)
|
|
Batting: RHB Mike Schmidt
|
0-0: Called Strike Eric Davis steals 2nd base 0-1: Ball 1-1: Ball 2-1: Ball 3-1: 2-RUN HOME RUN (Flyball, 78XD, EV 106.3 MPH), Distance : 414 ft
|
|
Batting: RHB Ken Landreaux
|
0-0: Ball 1-0: Fly out, F7 (Flyball, 7LD, EV 80.6 MPH)
|
| Bottom of the 4th over - 2 runs, 2 hits, 0 errors, 0 left on base; California 0 - Milwaukee 2 |
| TOP OF THE 5TH |
|
California Angels batting - Pitching for Milwaukee Brewers : RHP Luis Lopez
|
|
Batting: RHB Charlie Moore
|
0-0: Called Strike 0-1: Swinging Strike 0-2: Ground out 6-3 (Groundball, 6S, EV 63.1 MPH)
|
|
Batting: SHB Ignacio Medina
|
0-0: Ball 1-0: Foul Ball, location: 2F 1-1: Ball 2-1: Bunt for hit to 15S - play at first, batter OUT! 1-3
|
|
Batting: LHB Brian Rosinski
|
0-0: Foul Ball, location: 2F 0-1: Called Strike 0-2: Foul Ball, location: 2F 0-2: Ball 1-2: Foul Ball, location: 2F 1-2: Strikes out looking
|
| Top of the 5th over - 0 runs, 0 hits, 0 errors, 0 left on base; California 0 - Milwaukee 2 |
| BOTTOM OF THE 5TH |
|
Milwaukee Brewers batting - Pitching for California Angels : LHP Ray Fontenot
|
|
Batting: RHB Glenn Davis
|
0-0: Fly out, F8 (Flyball, 8LD, EV 79.4 MPH)
|
|
Batting: LHB Von Hayes
|
0-0: Ball 1-0: Swinging Strike 1-1: Ball 2-1: Ball 3-1: Base on Balls
|
|
Batting: RHB Dave Huppert
|
0-0: Ball Von Hayes is caught stealing 2nd base 2-4 1-0: Ball 2-0: Foul Ball, location: 2F 2-1: Ball 3-1: Foul Ball, location: 2F 3-2: Foul Ball, location: 2F 3-2: Base on Balls
|
|
Batting: RHB Steve Sax
|
0-0: Ground out 5-3 (Groundball, 56S, EV 81.3 MPH)
|
| Bottom of the 5th over - 0 runs, 0 hits, 0 errors, 1 left on base; California 0 - Milwaukee 2 |
| TOP OF THE 6TH |
|
California Angels batting - Pitching for Milwaukee Brewers : RHP Luis Lopez
|
|
Batting: RHB Carlos Pimentel
|
0-0: Called Strike 0-1: Called Strike 0-2: Foul Ball, location: 2F 0-2: Ground out 6-3 (Groundball, 6MD, EV 88.1 MPH)
|
|
Batting: SHB Manny Castillo
|
0-0: Ball 1-0: Ground out 6-3 (Groundball, 6S, EV 89.4 MPH)
|
|
Batting: RHB Jeff Atherton
|
0-0: Foul Ball, location: 2F 0-1: Ball 1-1: Ball 2-1: Foul Ball, location: 2F 2-2: Ball 3-2: Strikes out swinging
|
| Top of the 6th over - 0 runs, 0 hits, 0 errors, 0 left on base; California 0 - Milwaukee 2 |
| BOTTOM OF THE 6TH |
|
Milwaukee Brewers batting - Pitching for California Angels : LHP Ray Fontenot
|
|
Batting: SHB Alfredo Griffin
|
0-0: Swinging Strike 0-1: Ball 1-1: Swinging Strike 1-2: Foul Ball, location: 2F 1-2: Ball 2-2: Ground out 6-3 (Groundball, 6, EV 83.1 MPH)
|
|
Batting: SHB Eddie Murray
|
0-0: Ball 1-0: SOLO HOME RUN (Flyball, 9D, EV 108.8 MPH), Distance : 388 ft
|
|
Batting: RHB Eric Davis
|
0-0: Called Strike 0-1: Ball 1-1: Ball 2-1: Ball 3-1: Base on Balls
|
|
Batting: RHB Mike Schmidt
|
0-0: Called Strike Eric Davis is caught stealing 2nd base 2-4 0-1: SOLO HOME RUN (Line Drive, 78XD, EV 103.1 MPH), Distance : 411 ft
|
|
Batting: RHB Ken Landreaux
|
0-0: Called Strike 0-1: DOUBLE (Flyball, 89D, EV 101.9 MPH)
|
|
Batting: RHB Glenn Davis
|
0-0: Ball 1-0: Ball 2-0: Ball 3-0: Base on Balls
|
|
Batting: LHB Von Hayes
|
0-0: Foul Ball, location: 2F 0-1: Ball 1-1: Called Strike 1-2: Ball 2-2: Foul Ball, location: 2F 2-2: Strikes out swinging
|
| Bottom of the 6th over - 2 runs, 3 hits, 0 errors, 2 left on base; California 0 - Milwaukee 4 |
| TOP OF THE 7TH |
|
California Angels batting - Pitching for Milwaukee Brewers : RHP Luis Lopez
|
|
Batting: RHB Frank White
|
0-0: Ball 1-0: Called Strike 1-1: SINGLE (Line Drive, 4D, EV 93.8 MPH)
|
|
Batting: SHB Jon Hernandez
|
0-0: Called Strike 0-1: Called Strike 0-2: Ball 1-2: Foul Ball, location: 2F 1-2: Ball 2-2: Ball 3-2: Foul Ball, location: 2F 3-2: Base on Balls Frank White to second
|
|
Batting: LHB Jason D Thompson
|
0-0: Ball 1-0: Foul Ball, location: 2F 1-1: Ball 2-1: Fly out, F9 (Line Drive, 9, EV 90.6 MPH) Runner from 2nd tags up, SAFE at 3rd with throw by RF
|
|
Batting: RHB Charlie Moore
|
0-0: Ball 1-0: Foul Ball, location: 2F 1-1: Foul Ball, location: 2F 1-2: Strikes out looking
|
|
Batting: SHB Ignacio Medina
|
0-0: Called Strike 0-1: Ball 1-1: Ball 2-1: Swinging Strike 2-2: Strikes out swinging
|
| Top of the 7th over - 0 runs, 1 hit, 0 errors, 2 left on base; California 0 - Milwaukee 4 |
| BOTTOM OF THE 7TH |
|
Milwaukee Brewers batting - Pitching for California Angels : LHP Ray Fontenot
|
|
Batting: RHB Dave Huppert
|
0-0: Called Strike 0-1: Ball 1-1: Ground out 6-3 (Groundball, 6M, EV 80.6 MPH)
|
|
Batting: RHB Steve Sax
|
0-0: SINGLE (Line Drive, 78S, EV 94.4 MPH)
|
|
Batting: SHB Alfredo Griffin
|
0-0: Ball Steve Sax steals 2nd base 1-0: Called Strike 1-1: Ground out 1-3 (Groundball, 13S, EV 72.5 MPH) Steve Sax to third
|
|
Pitching: LHP Bob McClure
|
|
|
Batting: SHB Eddie Murray
|
0-0: Ball 1-0: Called Strike 1-1: Swinging Strike 1-2: Ground out 5-3 (Groundball, 56S, EV 84.4 MPH)
|
| Bottom of the 7th over - 0 runs, 1 hit, 0 errors, 1 left on base; California 0 - Milwaukee 4 |
| TOP OF THE 8TH |
|
California Angels batting - Pitching for Milwaukee Brewers : RHP Luis Lopez
|
|
Batting: LHB Brian Rosinski
|
0-0: Ball 1-0: Ball 2-0: Called Strike 2-1: Called Strike 2-2: Foul Ball, location: 2F 2-2: Strikes out swinging
|
|
Batting: RHB Carlos Pimentel
|
0-0: Ball 1-0: Ball 2-0: Foul Ball, location: 2F 2-1: Ground out 6-3 (Groundball, 6, EV 86.3 MPH)
|
|
Batting: SHB Manny Castillo
|
0-0: Called Strike 0-1: SOLO HOME RUN (Flyball, 9D, EV 88.8 MPH), Distance : 373 ft
|
|
Batting: RHB Jeff Atherton
|
0-0: Called Strike 0-1: Ball 1-1: Ball 2-1: DOUBLE (Groundball, 5L, EV 100.0 MPH)
|
|
Batting: RHB Frank White
|
0-0: Ball 1-0: Called Strike 1-1: Foul Ball, location: 2F 1-2: Ball 2-2: Strikes out swinging
|
| Top of the 8th over - 1 run, 2 hits, 0 errors, 1 left on base; California 1 - Milwaukee 4 |
| BOTTOM OF THE 8TH |
|
Milwaukee Brewers batting - Pitching for California Angels : LHP Bob McClure
|
|
Batting: RHB Eric Davis
|
0-0: Ball 1-0: Called Strike 1-1: Ball 2-1: Called Strike 2-2: Ball 3-2: Ground out 5-3 (Groundball, 56S, EV 60.0 MPH)
|
|
Batting: RHB Mike Schmidt
|
0-0: Ball 1-0: Swinging Strike 1-1: Swinging Strike 1-2: Strikes out looking
|
|
Batting: RHB Ken Landreaux
|
0-0: Ball 1-0: Ball 2-0: Called Strike 2-1: Ground out 6-3 (Groundball, 6M, EV 108.8 MPH)
|
| Bottom of the 8th over - 0 runs, 0 hits, 0 errors, 0 left on base; California 1 - Milwaukee 4 |
| TOP OF THE 9TH |
|
California Angels batting - Pitching for Milwaukee Brewers : RHP Luis Lopez
|
|
Batting: SHB Jon Hernandez
|
0-0: Foul Ball, location: 2F 0-1: Ball 1-1: Foul Ball, location: 2F 1-2: Ball 2-2: Ball 3-2: Ground out 1-3 (Groundball, 13, EV 70.0 MPH)
|
|
Pitching: RHP Roy Smith
|
|
|
Batting: LHB Jason D Thompson
|
0-0: Called Strike 0-1: Foul Ball, location: 2F 0-2: Ball 1-2: Ball 2-2: SINGLE (Groundball, 4MD, EV 103.1 MPH)
|
|
Batting: RHB Charlie Moore
|
0-0: Ground out 5-3 (Groundball, 5S, EV 70.6 MPH) Jason D Thompson to second
|
|
Batting: SHB Ignacio Medina
|
0-0: Called Strike 0-1: Ground out 4-3 (Groundball, 4, EV 81.3 MPH)
|
| Top of the 9th over - 0 runs, 1 hit, 0 errors, 1 left on base; California 1 - Milwaukee 4 |
|